 Dungeon Crawl Stone Soup version 0.29-a0-824-gd827844252 (webtiles) character file.

Game seed: 5690963351569259371

53 coolguy69 the Cutter (level 3, 0/20 HPs)
             Began as a Vine Stalker Monk on July 9, 2022.
             Succumbed to a kobold's poison
             ... on level 3 of the Dungeon.
             The game lasted 00:01:46 (1520 turns).

coolguy69 the Cutter (Vine Stalker Monk)            Turns: 1520, Time: 00:01:47

Health: 0/20       AC:  8    Str: 13    XL:     3   Next: 89%
Magic:  1/4        EV: 10    Int: 10    God:
Gold:   23         SH:  0    Dex: 18    Spells: 2/2 levels left

rFire   . . .      SeeInvis .   a - +0 short sword
rCold   . . .      Faith    .   (no shield)
rNeg    . . .      Spirit   +   e - +0 scale mail
rPois   .          Reflect  .   b - +0 helmet
rElec   .          Harm     .   (no cloak)
rCorr   .          Rampage  .   p - +0 pair of gloves
Will    .....                   (no boots)
Stlth   +.........              (no amulet)
HPRegen 0.06/turn               (no ring)
MPRegen 0.09/turn               (no ring)

@: brilliant, lethally poisoned (0 -> -2), attractive
A: fangs 2, magic shield, antimagic bite, no potion heal 2
a: no special abilities


You were on level 3 of the Dungeon.
You visited 1 branch of the dungeon, and saw 3 of its levels.

You collected 23 gold pieces.

Inventory:

Hand Weapons
 a - a +0 short sword (weapon)
Armour
 b - a +0 helmet (worn)
 e - a +0 scale mail (worn)
 p - a +0 pair of gloves (worn)
Jewellery
 h - a ring of fire
Scrolls
 d - 3 scrolls of teleportation {unknown}
 f - a scroll of enchant weapon {unknown}
 g - 4 scrolls of poison {unknown}
 i - a scroll of brand weapon {unknown}
 l - 2 scrolls of amnesia {unknown}
 m - 2 scrolls of vulnerability {unknown}
 n - 3 scrolls of identify {unknown}
 o - a scroll of torment {unknown}
Potions
 c - a potion of ambrosia


   Skills:
 + Level 3.2 Fighting
 + Level 3.3 Short Blades
 + Level 0.3 Armour
 + Level 2.8 Dodging
 + Level 2.5 Stealth


You had 2 spell levels left.
You didn't know any spells.
Your spell library contained the following spells:

 Spells                   Type           Power      Damage    Failure   Level
 Summon Ice Beast         Ice/Summ       0%         N/A       100%        4
 Summon Mana Viper        Hex/Summ       0%         N/A       100%        5
 Monstrous Menagerie      Summ           0%         N/A       100%        7
 Chain Lightning          Conj/Air       0%         N/A       100%        9
 Fire Storm               Conj/Fire      0%         5d1       100%        9
 Shatter                  Erth           0%         3d5*      100%        9


Dungeon Overview and Level Annotations

Branches:
Dungeon (3/15)

Altars:


Innate Abilities, Weirdness & Mutations

You have extremely sharp teeth.
When hurt, damage is shared between your health and your magic reserves.
Your bite disrupts and absorbs the magic of your enemies.
Potions cannot restore your health.


Message History

You are too injured to fight recklessly!
You are too injured to fight recklessly!
You are too injured to fight recklessly!
You are too injured to fight recklessly!
You are too injured to fight recklessly!
You are too injured to fight recklessly!
It was a potion of attraction.
You feel attractive to monsters.
You feel very sick. The kobold hits you but does no damage.
It was a potion of brilliance.
You feel clever all of a sudden.
* * * LOW HITPOINT WARNING * * *
You feel sick.
The endoplasm hits you but does no damage.
The kobold hits you but does no damage.
You hit the endoplasm.
The endoplasm is almost dead.
* * * LOW HITPOINT WARNING * * *
You feel sick. The endoplasm freezes you.
You are frozen.
* * * LOW HITPOINT WARNING * * *
The kobold barely misses you.
* * * LOW HITPOINT WARNING * * *
You feel sick. The endoplasm barely misses you.
The kobold throws a poisoned dart.
The poisoned dart closely misses you. The kobold is attracted toward you.
The kobold attacks as you move away! The kobold closely misses you.
* * * LOW HITPOINT WARNING * * *
You feel sick.
Unknown command.
Unknown command.
You hit the endoplasm.
You kill the endoplasm!
* * * LOW HITPOINT WARNING * * *
You feel sick. The kobold hits you with a +0 whip.
Unknown command.
You completely miss the kobold.
You die...

................
#...............
#...[..$........
#.........<.....
#...............
#.......§.......
#...............
#....<..K.....#
##...).@.....##
###..##.#####
#..## ... #..#
.#.# ♣>.# .....
♣## .. .## ##..#
.


You could see a kobold.

Vanquished Creatures
  A gnoll (D:1)
  An adder (D:2)
  A worm (D:2)
  A dart slug (D:1)
  4 bats
  2 endoplasms
  4 giant cockroaches (D:1)
  A goblin (D:2)
  4 hobgoblins
  A ball python (D:1)
  4 frilled lizards (D:1)
  2 kobolds
  6 rats
32 creatures vanquished.

Notes
Turn   | Place    | Note
-------+----------+-------------------------------------------
     0 | D:1      | coolguy69 the Vine Stalker Monk began the quest for the
                  | Orb.
     0 | D:1      | Reached XP level 1. HP: 11/11 MP: 2/2
   153 | D:1      | Reached XP level 2. HP: 16/16 MP: 3/3
   276 | D:1      | Reached XP level 3. HP: 8/20 MP: 4/4
   653 | D:1      | Found a faded altar of an unknown god.
  1519 | D:3      | HP: 1/20 [poisoned by a kobold]
  1520 | D:3      | Succumbed to a kobold's poison

Illustrated notes

Levels and vault maps discovered:
D:1:      minmay_arrival_up_and_down, layout_rooms,
          ebering_ecumenical_altar_webs, chequers_garden
D:2:      layout_loops_cross
D:3:      layout_rooms, gammafunk_temple_overflow_forgotten,
          serial_bayou_ford_a, uniq_robin

Skill      XL: |  1  2 |
---------------+-------+-----
Short Blades   | 3 |  3.3
Fighting       | 3 |  3.2
Armour         | |  0.3
Dodging        | |  2.8
Stealth        | |  2.5

Action                   || total
-------------------------++-------
Melee: Short sword       ||    90
       Bite              ||    23
  Use: Potion            ||     2
 Stab: Sleeping          ||     1
Armor: Scale mail        ||    37
       Robe              ||     2
Dodge: Dodged            ||    41

Table legend: (Time is in decaauts)
 A = Elapsed time spent in this place.
 B = Non-inter-level travel time spent in this place.
 C = Inter-level travel time spent in this place.
 D = Time resting spent in this place.
 E = Time spent auto-exploring this place.
 F = Levels seen in this place.
 G = Mean time per level.
                   A        B        C        D        E       F      G
               +--------+--------+--------+--------+--------+-----+--------+
         Total |   1515 |   1483 |     32 |      0 |   1260 |   3 |  505.0 |
       Dungeon |   1515 |   1483 |     32 |      0 |   1260 |   3 |  505.0 |
               +--------+--------+--------+--------+--------+-----+--------+

Top non-repeatable levels by time:
     D:2: 758 daAuts
     D:1: 743 daAuts
     D:3: 13 daAuts
